Map: Nightscape LE

Players

Astaligorn

  • Race: Terran Terran
  • Spawn Location: 7:00

Pipotron

  • Race: Zerg Zerg
  • Spawn Location: 7:00

Massa - Winner!

  • Race: Terran Terran
  • League: Gold
  • Spawn Location: 1:00

qqq - Winner!

  • Race: Protoss Protoss
  • League: Platinum
  • Spawn Location: 1:00

VOD

Have the link to the VOD?

Description

Time

  • Played on: July 28, 2020, 3:23 p.m.
  • Length: 17:09
Show
View Real Time Build Order
Export as new Build Order

Astaligorn Terran 

Build Orders:  

Get SALT Encoding   

  12  0:00  SCV  
  13  0:12  SCV  
  14  0:17  Supply Depot  
  14  0:25  SCV  
  15  0:38  SCV  
  15  0:41  Barracks  
  16  0:47  Refinery  
  16  0:50  SCV  
  17  1:02  SCV  
  18  1:15  SCV  
  19  1:27  SCV  
  20  1:35  Reaper  
  20  1:38  Command Center  
  21  1:40  Orbital Command  
  21  1:56  Barracks  
  21  1:57  Refinery  
  21  2:06  SCV  
  22  2:09  Barracks Reactor  
  22  2:18  SCV  
  23  2:25  Factory  
  23  2:41  SCV  
  23  2:49  Marine  
  23  2:50  Marine x2  
  26  2:53  SCV  
  26  2:54  Bunker  
  27  3:12  Marine x3  
  27  3:15  Hellion  
  32  3:29  SCV  
  33  3:40  Barracks Tech Lab  
  33  3:42  Starport, SCV, Marine x2  
  33  3:47  Orbital Command  
  36  4:00  Marine  
  36  4:09  Marine x2, Stimpack  
  37  4:11  Factory Reactor  
  38  4:37  Supply Depot  
  38  4:39  Engineering Bay  
  38  4:40  Engineering Bay, Command Center  
  38  4:58  SCV x2, Marine  
  38  4:59  Supply Depot  
  41  5:00  Armory  
  41  5:01  Marine  
  41  5:05  Terran Infantry Weapons Level 1  
  42  5:08  Terran Infantry Armor Level 1  
  42  5:10  SCV x2  
  44  5:22  SCV  
  44  5:23  Factory Tech Lab  
  44  5:26  SCV, Marine  
  44  5:27  Marine x2  
  49  5:34  SCV, Supply Depot  
  50  5:40  SCV  
  51  5:44  Refinery, Marine  
  51  5:46  Refinery  
  51  5:47  SCV  
  51  5:48  Marine  
  54  5:52  SCV, Marine  
  54  5:56  Supply Depot x2  
  56  6:02  Marine  
  56  6:03  Medivac  
  59  6:04  Medivac  
  59  6:05  Barracks  
  59  6:06  Marine  
  62  6:14  Missile Turret  
  62  6:15  Missile Turret  
  62  6:17  Missile Turret  
  61  6:33  Marine x2  
  61  6:34  Marine  
  61  6:36  SCV x3  
  67  6:48  SCV x3  
  67  6:51  Marine x3  
  67  6:52  Medivac x2  
  77  6:58  Supply Depot  
  77  7:00  SCV x2  
  79  7:02  Terran Infantry Weapons Level 2  
  79  7:09  Marine x2  
  79  7:10  Missile Turret  
  79  7:12  Orbital Command  
  81  7:19  SCV x2  
  83  7:25  Marine x2  
  83  7:27  Marine  
  83  7:29  Siege Tank  
  89  7:31  SCV x2  
  89  7:33  Terran Infantry Armor Level 2  
  91  7:41  Marine  
  91  7:43  SCV x2  
  94  7:44  Marine  
  94  7:45  Marine x2  
  94  7:48  Medivac x2  
  101  8:27  Marine x2  
  101  8:28  SCV, Marine  
  101  8:35  Marine  
  76  8:44  Marine x2  
  76  8:46  Marine  
  76  8:47  Medivac x2  
  76  8:53  Marine  
  77  8:55  Barracks  
  77  9:01  Barracks  
  77  9:02  Marine x2  
  77  9:03  Marine  
  80  9:10  Marine  
  80  9:12  Refinery x2  
  80  9:14  Missile Turret  
  80  9:16  SCV x2  
  80  9:17  SCV, Medivac  
  84  9:20  Terran Infantry Weapons Level 3, Marine x2  
  84  9:21  Marine  
  89  9:26  Barracks  
  89  9:28  SCV, Barracks, Marine  
  89  9:29  SCV  
  92  9:37  Command Center  
  92  9:38  Marine x2, Command Center  
  94  9:39  Marine  
  94  9:40  Supply Depot  
  94  9:42  Supply Depot  
  95  9:47  Marauder  
  95  9:56  Marine x4  
  95  9:57  Marine  
  94  10:07  Marine  
  94  10:10  Medivac x2  
  94  10:13  Marine  
  94  10:14  Marine  
  100  10:15  Marine, Combat Shield  
  100  10:17  Barracks Reactor  
  100  10:18  Barracks Reactor  
  102  10:25  Marine  
  103  10:31  SCV x3, Marine x2  
  103  10:32  Marine  
  108  10:39  Medivac  
  108  10:40  Barracks Reactor  
  108  10:41  Barracks Reactor  
  100  10:43  SCV x2, Marine  
  100  10:44  SCV  
  100  10:49  Marine  
  105  10:53  Factory  
  105  10:54  Drilling Claws  
  105  10:55  Factory x2  
  105  11:03  Orbital Command  
  105  11:05  Orbital Command  
  105  11:10  Marine  
  105  11:11  Marine x7  
  108  11:13  Terran Infantry Armor Level 3  
  113  11:28  Marine x2  
  113  11:29  Marine x3  
  110  11:34  Marine x5  
  110  11:35  Marine x2  
  114  11:46  Marine x2  
  115  11:49  Marine x3  
  115  11:51  Factory Reactor x2  
  115  11:52  Widow Mine x2, Marine  
  103  12:09  Medivac x2  
  103  12:10  SCV x3  
  103  12:11  SCV x2  
  103  12:13  Widow Mine  
  103  12:14  Widow Mine  
  116  12:22  SCV x2  
  118  12:23  SCV x3  
  118  12:26  Marine x8  
  118  12:27  Marine x4  
  133  12:34  SCV, Missile Turret  
  133  12:35  Widow Mine, SCV x2  
  138  12:39  Medivac x2  
  142  12:44  Widow Mine x2  
  142  12:46  Marine  
  147  12:51  Supply Depot  
  147  12:54  Supply Depot  
  146  13:10  Widow Mine  
  146  13:12  Medivac  
  147  13:13  Widow Mine x3  
  143  13:30  Medivac  
  138  13:38  Marine x4  
  138  13:39  Marine x6  
  138  13:40  Marine x2  
  141  13:42  Medivac  
  123  13:56  Marine x4  
  123  13:57  Widow Mine, Marine x3  
  123  13:58  Widow Mine x2  
  123  14:00  Medivac  
  132  14:08  Starport  
  132  14:09  SCV x3  
  133  14:10  Starport, SCV  
  133  14:12  Medivac  
  133  14:14  Orbital Command  
  121  14:21  SCV x2  
  121  14:22  SCV  
  98  14:30  Medivac  
  57  15:02  Marine x7  
  57  15:03  Marine x5  
  57  15:06  Medivac  
  67  15:20  Marine x3  
  68  15:27  Widow Mine x2  
  68  15:28  Widow Mine x4  
  80  15:29  Marine x5  
  80  15:30  Marine  
  77  15:49  Widow Mine x6  
  70  16:10  Widow Mine  
  48  16:41  Marine x2  
  48  16:42  Marine  
  48  16:46  Widow Mine x5  
  48  16:47  Widow Mine  
Show
View Real Time Build Order
Export as new Build Order

Pipotron Zerg 

Build Orders: 3 Hatch before Pool 

Get SALT Encoding   

  12  0:00  Drone  
  13  0:13  Overlord  
  13  0:17  Drone  
  14  0:31  Drone x2  
  14  0:35  Drone  
  17  0:46  Drone  
  18  0:58  Drone  
  19  1:07  Drone  
  19  1:08  Hatchery  
  19  1:23  Drone  
  20  1:25  Hatchery  
  20  1:32  Extractor, Drone  
  19  1:42  Drone  
  19  1:46  Spawning Pool  
  19  1:50  Drone  
  20  2:02  Drone  
  21  2:13  Drone  
  22  2:26  Drone x2  
  24  2:37  Queen x2  
  24  2:38  Queen  
  24  2:43  Roach Warren  
  29  2:48  Zergling x4  
  31  2:52  Metabolic Boost  
  31  3:04  Spine Crawler  
  30  3:07  Spine Crawler  
  30  3:12  Spine Crawler  
  25  3:27  Spine Crawler, Roach  
  23  3:29  Roach  
  27  3:34  Drone x2  
  30  3:42  Overlord  
  30  3:44  Overlord  
  30  4:13  Drone x9  
  39  4:19  Drone x2  
  41  4:27  Drone  
  41  4:28  Overlord  
  42  4:50  Drone x4  
  42  4:51  Drone x3  
  49  4:55  Drone  
  49  4:57  Overlord  
  49  4:58  Overlord x3  
  50  5:16  Drone x4  
  50  5:17  Drone x3  
  50  5:18  Drone  
  50  5:19  Drone  
  50  5:20  Drone  
  60  5:23  Extractor x2  
  60  5:25  Extractor, Drone x2  
  60  5:27  Extractor  
  58  5:35  Drone x3  
  61  5:37  Drone, Extractor  
  61  5:38  Drone x3  
  61  5:41  Drone x3  
  67  5:43  Drone x2  
  67  5:44  Drone  
  67  5:48  Drone  
  71  5:50  Drone  
  71  5:51  Drone  
  73  6:02  Drone  
  73  6:03  Drone x2  
  76  6:13  Spore Crawler  
  76  6:15  Queen, Spore Crawler  
  76  6:16  Queen x2, Spore Crawler  
  79  6:20  Spore Crawler  
  79  6:21  Spore Crawler  
  76  6:30  Spore Crawler  
  74  6:46  Drone  
  74  6:47  Drone  
  74  6:49  Overlord  
  74  6:50  Overlord x5  
  74  6:51  Overlord x2  
  74  6:53  Lair  
  74  7:05  Pneumatized Carapace  
  74  7:11  Evolution Chamber x2  
  72  7:33  Drone  
  72  7:35  Drone  
  74  7:39  Zerg Missile Weapons Level 1, Zerg Ground Armor Level 1  
  74  7:51  Drone x4  
  77  7:52  Hatchery  
  75  7:59  Hatchery  
  75  8:02  Glial Reconstitution  
  75  8:03  Hydralisk Den  
  73  8:06  Zergling x2  
  73  8:07  Zergling x2  
  73  8:08  Zergling x2  
  73  8:09  Zergling x2  
  77  8:25  Infestation Pit  
  76  8:28  Drone x3  
  76  8:31  Hatchery x2  
  76  8:33  Drone  
  78  8:35  Drone  
  79  8:44  Hydralisk x3  
  79  8:45  Hydralisk x5, Zergling x4, Roach x4  
  79  8:46  Hydralisk x2, Roach x5  
  118  9:14  Drone x6  
  118  9:15  Drone x2  
  124  9:22  Hatchery  
  123  9:26  Hatchery  
  122  9:34  Hydralisk x6, Roach x2  
  122  9:35  Hydralisk, Roach x5  
  122  9:37  Zerg Missile Weapons Level 2  
  150  9:41  Zerg Ground Armor Level 2  
  150  9:50  Extractor  
  150  9:51  Extractor  
  148  9:55  Drone x5  
  148  9:56  Drone x3  
  148  9:58  Drone x6  
  162  10:11  Overlord  
  162  10:12  Overlord x3  
  132  10:34  Drone x7  
  132  10:35  Drone  
  122  10:38  Zergling x18  
  122  10:39  Zergling x16  
  129  10:48  Hive  
  129  10:57  Spire x2  
  129  10:59  Evolution Chamber  
  120  11:11  Hydralisk  
  120  11:12  Hydralisk x3, Zergling x6, Roach x2  
  120  11:13  Zergling x16, Roach x2  
  120  11:14  Zergling x14  
  128  11:29  Zergling x18  
  128  11:30  Zergling x10  
  132  11:38  Spore Crawler x2  
  127  11:41  Spore Crawler x2  
  127  11:43  Spore Crawler  
  116  11:47  Spore Crawler  
  116  11:48  Spore Crawler  
  107  11:56  Zerg Melee Weapons Level 1  
  103  12:10  Corruptor, Zerg Flyer Armor Level 1, Zerg Flyer Weapons Level 1  
  103  12:11  Corruptor x4  
  115  12:16  Corruptor  
  115  12:18  Corruptor  
  115  12:21  Corruptor x12  
  115  12:22  Corruptor  
  109  12:51  Zergling x2  
  109  12:52  Zergling x42  
  109  12:53  Zergling x6  
  109  12:58  Drone x2  
  113  13:51  Corruptor x10  
  113  13:52  Corruptor x2  
  119  14:00  Zerg Melee Weapons Level 2  
  114  14:20  Corruptor  
  114  14:21  Corruptor  
  114  14:24  Viper  
  102  14:34  Hatchery  
  102  14:35  Viper x3  
  65  15:39  Viper x4  
  65  15:40  Viper x5  
  92  15:43  Hydralisk  
  92  15:44  Hydralisk x3  
Show
View Real Time Build Order
Export as new Build Order

Massa Terran - Winner!

Build Orders:  

Get SALT Encoding   

  12  0:01  SCV  
  13  0:13  SCV  
  14  0:20  Supply Depot  
  14  0:27  Refinery  
  14  0:29  SCV  
  15  0:43  Barracks  
  15  0:45  SCV  
  16  0:58  SCV  
  17  1:10  SCV  
  18  1:15  Barracks  
  18  1:22  SCV  
  19  1:32  Reaper  
  20  1:39  Supply Depot  
  20  1:41  Orbital Command  
  20  2:04  Reaper x2  
  22  2:14  Command Center  
  22  2:18  SCV  
  23  2:31  Supply Depot  
  23  2:36  Reaper  
  24  2:47  Marine  
  25  2:56  SCV  
  26  3:00  Refinery  
  26  3:05  Marine  
  27  3:08  SCV  
  28  3:20  SCV  
  30  3:31  Orbital Command  
  30  3:32  SCV  
  30  3:42  Barracks Tech Lab  
  30  3:44  Barracks Tech Lab, SCV  
  30  3:47  Bunker  
  31  3:56  SCV  
  28  4:12  Stimpack  
  28  4:13  Concussive Shells  
  28  4:14  Marine  
  31  4:17  Marauder  
  31  4:23  Orbital Command  
  31  4:32  Marauder  
  35  4:38  Marauder  
  35  4:49  Factory  
  35  4:54  Marauder  
  35  4:56  SCV  
  35  4:57  Command Center  
  40  5:00  Marauder  
  40  5:06  SCV  
  41  5:08  SCV  
  42  5:15  Marauder  
  42  5:17  Combat Shield  
  42  5:18  SCV  
  42  5:20  SCV  
  48  5:21  Marauder  
  48  5:27  Engineering Bay  
  48  5:31  SCV  
  48  5:32  SCV  
  48  5:35  Supply Depot  
  50  5:41  Factory Tech Lab  
  50  5:43  SCV  
  50  5:44  SCV  
  52  5:55  SCV  
  52  5:56  SCV  
  54  5:57  Supply Depot  
  54  6:07  SCV  
  54  6:08  SCV  
  56  6:11  Orbital Command, Missile Turret  
  56  6:17  Siege Tank  
  59  6:19  SCV  
  59  6:20  SCV  
  59  6:22  Marauder x2, Missile Turret  
  65  6:29  Barracks  
  65  6:30  Refinery  
  65  6:31  SCV, Missile Turret  
  66  6:36  Missile Turret  
  66  6:40  Barracks  
  66  6:42  Missile Turret  
  66  6:43  Marauder x2  
  70  6:49  Siege Tank  
  70  6:51  Missile Turret  
  73  6:56  Factory  
  73  6:57  Missile Turret  
  73  6:59  SCV  
  73  7:00  SCV x2  
  76  7:03  Missile Turret  
  76  7:04  Marauder  
  78  7:09  Missile Turret  
  78  7:11  SCV  
  78  7:12  SCV x2  
  78  7:15  Terran Infantry Weapons Level 1  
  81  7:17  Missile Turret  
  81  7:19  Armory  
  81  7:21  Siege Tank  
  84  7:22  Engineering Bay  
  84  7:24  SCV  
  85  7:30  Supply Depot x2  
  85  7:32  Barracks Tech Lab x2  
  85  7:40  Factory Tech Lab  
  85  7:45  Supply Depot  
  85  7:48  Supply Depot  
  85  7:52  SCV x3, Marauder x2  
  85  7:53  Marauder x2, Command Center  
  85  7:55  Supply Depot x2  
  96  8:04  SCV  
  97  8:07  Starport  
  97  8:13  Marauder x2  
  97  8:14  Marauder  
  97  8:17  Starport  
  102  8:24  Marauder  
  104  8:35  Marauder x2, Marine  
  93  8:45  Marine  
  94  8:53  Marine  
  95  9:00  Marauder x2  
  99  9:03  Marauder  
  99  9:05  Widow Mine x2, Command Center  
  105  9:11  Refinery, Marauder  
  105  9:13  Refinery  
  105  9:16  Refinery  
  107  9:22  Marauder x2  
  111  9:25  Marauder, Medivac  
  111  9:26  Widow Mine  
  117  9:32  Widow Mine  
  117  9:33  Marauder  
  121  9:41  Sensor Tower  
  121  9:42  Marine  
  121  9:43  Marine  
  123  9:46  Marine  
  123  9:47  Orbital Command, Missile Turret  
  123  9:48  Widow Mine  
  126  9:54  Marauder  
  128  10:00  Marine  
  128  10:01  Marauder  
  131  10:31  Marauder x4  
  139  10:52  Marauder x3  
  139  10:53  Marauder  
  139  10:56  SCV  
  148  11:14  Missile Turret  
  148  11:20  SCV, Marauder  
  148  11:21  SCV x2, Marine  
  148  11:23  Marine  
  148  11:24  Marauder  
  138  11:32  SCV  
  99  11:33  SCV x2  
  99  11:35  Missile Turret  
  92  11:40  Marauder, Marine  
  92  11:41  Marauder  
  92  11:44  SCV, Marine  
  92  11:45  SCV x2  
  99  11:49  Thor x2  
  111  11:56  SCV, Missile Turret  
  111  11:57  SCV x2  
  111  11:59  Marauder  
  111  12:01  Marauder  
  115  12:03  Marauder x2  
  119  12:09  SCV  
  119  12:13  Planetary Fortress  
  120  12:17  Missile Turret  
  120  12:20  Marauder  
  120  12:22  Marauder  
  124  12:23  Marine  
  124  12:24  Marauder  
  127  12:32  Thor, Medivac, Siege Tank  
  127  12:33  Medivac  
  140  12:41  Marine x2  
  140  12:44  Marauder  
  144  12:46  Marauder  
  146  12:59  Marine  
  146  13:01  Barracks  
  146  13:04  Marine  
  146  13:05  Factory  
  148  13:06  Supply Depot  
  148  13:07  Supply Depot x2  
  148  13:09  Supply Depot  
  148  13:28  Marauder x3, Marine, Siege Tank  
  148  13:32  Supply Depot x2  
  158  13:34  Supply Depot  
  158  13:35  Supply Depot  
  150  13:46  Marauder  
  142  13:49  Marine x2  
  105  13:56  Supply Depot  
  105  14:00  Marauder, Supply Depot  
  105  14:02  Thor x2  
  110  14:07  Marine  
  110  14:08  Marauder x2  
  115  14:13  Barracks Reactor  
  115  14:14  Factory Tech Lab  
  115  14:21  Marauder  
  117  14:25  Marauder  
  117  14:29  Marauder x2  
  117  14:31  Medivac x2  
  127  14:42  Marauder  
  127  14:45  Thor  
  135  14:47  Marauder  
  135  14:50  Marauder x2  
  139  15:00  Command Center  
  139  15:01  Medivac x2  
  139  15:04  Marauder  
  145  15:08  Marine  
  145  15:11  Marine  
  147  15:17  SCV x4  
  151  15:23  Marauder  
  151  15:25  Marauder, Marine  
  151  15:26  Marauder, Marine  
  159  15:29  SCV x4  
  159  15:30  Refinery, Marauder  
  159  15:33  Medivac x2  
  159  15:34  Refinery  
  169  15:43  Marine x2  
  169  15:45  Marauder  
  169  15:46  Marauder  
  169  15:47  Marauder  
  177  15:51  Marauder  
  179  16:01  Marine x2  
  181  16:06  Marauder  
  181  16:08  Marauder  
  181  16:09  Marauder  
  187  16:12  Marauder  
  189  16:19  Marine x2  
  191  16:28  Marauder  
  191  16:29  Marine  
  200  16:48  Marine  
Show
View Real Time Build Order
Export as new Build Order

qqq Protoss - Winner!

Build Orders: Phoenix Opening, Carriers, Mass Phoenix 

Get SALT Encoding   

  12  0:02  Probe  
  13  0:14  Probe  
  13  0:20  Pylon  
  14  0:26  Probe  
  15  0:38  Probe  
  16  0:45  Pylon  
  16  0:49  Assimilator  
  16  0:50  Probe  
  17  1:02  Probe  
  18  1:06  Gateway  
  18  1:14  Probe, Pylon  
  19  1:22  Assimilator  
  19  1:26  Probe  
  20  1:39  Probe  
  21  1:51  Probe  
  22  1:57  Nexus  
  22  2:03  Probe  
  23  2:11  Cybernetics Core  
  23  2:15  Probe  
  24  2:27  Probe  
  25  2:39  Probe  
  26  2:51  Probe  
  26  2:58  Stargate  
  27  2:59  Stargate  
  27  3:03  Probe  
  28  3:09  Stalker (Chrono Boost)  
  30  3:15  Probe, Protoss Air Weapons Level 1  
  30  3:18  Probe  
  32  3:27  Probe  
  32  3:30  Probe  
  34  3:40  Probe  
  35  3:42  Probe  
  36  3:52  Probe  
  36  3:54  Probe  
  38  3:58  Phoenix x2  
  42  4:06  Probe  
  43  4:12  Probe  
  44  4:18  Probe  
  44  4:21  Nexus  
  44  4:22  Phoenix  
  44  4:23  Phoenix  
  50  4:24  Probe, Pylon  
  50  4:26  Pylon  
  50  4:30  Probe  
  51  4:36  Probe, Assimilator  
  52  4:40  Assimilator  
  52  4:42  Probe  
  53  4:47  Phoenix  
  53  4:48  Probe  
  56  4:54  Shield Battery  
  56  4:55  Probe  
  57  5:00  Probe  
  57  5:05  Forge  
  57  5:07  Probe  
  59  5:12  Probe  
  60  5:19  Probe  
  60  5:20  Phoenix x2  
  65  5:28  Nexus  
  65  5:29  Probe  
  65  5:31  Probe  
  67  5:41  Probe, Photon Cannon  
  68  5:43  Probe  
  68  5:45  Phoenix  
  68  5:46  Photon Cannon  
  68  5:47  Photon Cannon  
  68  5:49  Phoenix  
  73  5:53  Probe  
  74  6:05  Pylon  
  74  6:08  Pylon  
  74  6:10  Phoenix  
  76  6:14  Phoenix  
  74  6:35  Phoenix  
  74  6:40  Phoenix  
  76  6:55  Probe x4, Fleet Beacon  
  76  6:58  Assimilator  
  76  7:00  Phoenix  
  82  7:02  Assimilator  
  82  7:05  Phoenix  
  82  7:07  Probe x4  
  88  7:09  Photon Cannon  
  88  7:11  Assimilator  
  88  7:12  Photon Cannon  
  88  7:19  Probe x3  
  88  7:20  Probe  
  92  7:26  Phoenix  
  94  7:32  Probe  
  94  7:33  Stargate, Assimilator  
  94  7:34  Stargate  
  94  7:35  Probe x3  
  98  7:44  Probe  
  99  7:46  Carrier  
  99  7:47  Probe x2  
  99  7:48  Probe  
  108  7:56  Probe  
  109  7:59  Probe  
  109  8:00  Probe x2  
  112  8:08  Probe  
  112  8:09  Pylon, Protoss Air Armor Level 1  
  112  8:12  Probe  
  114  8:18  Probe  
  115  8:21  Pylon  
  115  8:24  Pylon  
  115  8:27  Tempest, Carrier  
  115  8:28  Pylon  
  115  8:33  Pylon  
  118  8:41  Pylon  
  116  8:44  Carrier  
  116  8:48  Probe x3  
  123  8:56  Pylon  
  123  8:58  Photon Cannon  
  123  8:59  Photon Cannon  
  123  9:01  Shield Battery  
  123  9:03  Photon Cannon x2  
  123  9:07  Photon Cannon  
  123  9:08  Pylon  
  123  9:20  Carrier x2, Mothership (Chrono Boost)  
  143  9:28  Zealot  
  145  9:36  Anion Pulse-Crystals  
  145  9:54  Nexus  
  145  9:55  Zealot  
  145  9:56  Carrier  
  153  10:04  Pylon  
  153  10:11  Pylon  
  153  10:12  Photon Cannon, Shield Battery  
  153  10:13  Probe  
  154  10:14  Photon Cannon  
  154  10:17  Protoss Air Weapons Level 2 (Chrono Boost)  
  154  10:22  Zealot  
  154  10:25  Probe  
  156  10:37  Probe  
  156  10:40  Carrier x3  
  173  10:49  Probe  
  174  10:50  Photon Cannon  
  174  10:52  Photon Cannon  
  174  10:54  Photon Cannon  
  174  10:56  Photon Cannon  
  174  10:58  Shield Battery  
  174  10:59  Photon Cannon  
  174  11:00  Carrier  
  174  11:01  Probe  
  181  11:13  Probe  
  181  11:25  Probe  
  182  11:38  Probe  
  181  11:44  Carrier x3  
  191  12:13  Carrier  
  197  12:44  Protoss Air Armor Level 2  
  197  12:50  Pylon  
  197  12:54  Pylon  
  197  12:56  Pylon  
  197  12:58  Pylon  
  197  13:01  Pylon  
  197  13:02  Photon Cannon  
  197  13:04  Photon Cannon, Pylon  
  197  13:06  Photon Cannon  
  197  13:08  Probe, Photon Cannon  
  197  13:10  Photon Cannon  
  196  13:12  Shield Battery  
  196  13:14  Pylon  
  196  13:16  Photon Cannon, Shield Battery  
  196  13:20  Probe  
  185  13:32  Probe  
  180  13:44  Probe  
  181  13:56  Probe  
  181  13:57  Carrier x3  
Tags
 
Add a new tag
Caveats
  • Supply blocks, unpowered buildings, or Contaminate may cause inaccurate times.
  • Supply counts are checked every 10 seconds.